 Dungeon Sprint DCSS version 0.19-a0-1532-g228a5d9 (webtiles) character file.

33 poirepourri the Covert (level 3, -8/17 HPs)
             Began as a Spriggan Enchanter on Sept 13, 2016.
             Splashed by an oklob sapling's acid (14 damage)
             ... in the Dungeon (Sprint IV: "Fedhas' Mad Dash").
             The game lasted 00:00:30 (260 turns).

poirepourri the Covert (Spriggan Enchanter)          Turns: 260, Time: 00:00:31

Health: -8/17      AC:  3    Str:  4    XL:     3   Next: 12%
Magic:  8/8        EV: 20    Int: 16    God:
Gold:   58         SH:  0    Dex: 17    Spells: 3 memorised, 1 level left

rFire  . . .     SeeInvis +     a - +1 dagger
rCold  . . .     Gourm    .     b - +1 robe
rNeg   . . .     Faith    .     (shield restricted)
rPois  .         Spirit   .     (helmet restricted)
rElec  .         Dismiss  .     (no cloak)
rCorr  .         Reflect  .     (gloves unavailable)
MR     .....     Harm     .     (boots unavailable)
Stlth  +++++..... NoTele   +    (no amulet)
                                (no ring)
                                (no ring)

@: very slightly contaminated, hasted, very quick
A: unfitting armour, see invisible, herbivore 3, speed 3, slow metabolism 2
a: no special abilities


You were in the Dungeon.
You were not hungry.

You visited 1 branch You collected 58 gold pieces.

Inventory:

Hand Weapons
 a - a +1 dagger (weapon)
Armour
 b - a +1 robe (worn)
Jewellery
 g - the amulet of invisibility {+Inv}
   (You found it in the Dungeon)

   [amulet of nothing]

   It lets you turn invisible.
Scrolls
 i - a scroll of identify {unknown}
 j - a scroll of blinking
Potions
 e - a potion of curing
 f - a potion of heal wounds
 h - 2 potions of magic
Books
 c - a book of Maledictions

   Spells                             Type                      Level
   a - Corona                         Hexes                        1
   b - Ensorcelled Hibernation        Hexes/Ice                    2
   c - Confuse                        Hexes                        3
   d - Tukima's Dance                 Hexes                        3
   e - Dazzling Spray                 Conjuration/Hexes            3
Comestibles
 d - a bread ration


   Skills:
 + Level 0.7 Fighting
 + Level 1.3 Short Blades
 + Level 5.0 Dodging
 + Level 9.4 Stealth
 - Level 2.6 Spellcasting
 - Level 3.6 Hexes


You had one spell level left.
You knew the following spells:

 Your Spells              Type           Power        Failure   Level  Hunger
a - Corona                Hex            ##.....      6%          1    #......
b - Ensorcelled Hibernat  Hex/Ice        #.....       17%         2    ##.....
c - Confuse               Hex            ##......     14%         3    ###....


Dungeon Overview and Level Annotations

Branches:
Dungeon (1/1)

Altars:

Annotations:
D exclusion: oklob sapling


Innate Abilities, Weirdness & Mutations

You are tiny and cannot use many weapons and most armour.
You have supernaturally acute eyesight. (SInv)
You are a herbivore.
You cover ground extremely quickly.
You need consume almost no food.


Message History

g - the amulet of invisibility {+Inv} You now have 23 gold pieces (gained 14).
Memorise Confuse, consuming 3 spell levels and leaving 1?
You start memorising the spell.
You continue memorising. x3
You finish memorising.
Spell assigned to 'c'.
You now have 29 gold pieces (gained 6).
Really walk into a travel-excluded area? [Y]es or [N]o only, please.
Really walk into a travel-excluded area?
Okay, then.
You now have 46 gold pieces (gained 17).
You now have 58 gold pieces (gained 12).
i - a scroll labeled NOFEJU HUJOH Really walk into a travel-excluded area?
The oklob sapling spits acid at you. The splash of acid hits you!
Ouch! That really hurt!
The acid burns!
Ouch! That really hurt!
You die...

##################
#<..P#.....#.@...#
#PP..'.....'.#...+
#PPPP#.....#P#...#
###############+##


You could see an oklob sapling.

Vanquished Creatures
  A worker ant (D)
  A river rat (D)
  A rat (D)
3 creatures vanquished.

Notes
Turn   | Place    | Note
-------+----------+-------------------------------------------
     0 | D        | poirepourri the Spriggan Enchanter began the quest for the Orb.
     0 | D        | Reached XP level 1. HP: 9/9 MP: 5/5
    14 | D        | Reached skill level 7 in Stealth
    14 | D        | Reached XP level 2. HP: 12/13 MP: 4/6
   230 | D        | Learned a level 2 spell: Ensorcelled Hibernation
   233 | D        | Noticed an oklob sapling
   240 | D        | Reached skill level 5 in Dodging
   240 | D        | Reached skill level 9 in Stealth
   240 | D        | Reached XP level 3. HP: 17/17 MP: 8/8
   249 | D        | Learned a level 3 spell: Confuse
   260 | D        | Splashed by an oklob sapling's acid

Vault maps used:
D:        dungeon_sprint_fedhas

Skill      XL: |  1  2 |
---------------+-------+-----
Dodging        | 4 5 |  5.0
Stealth        | 7 9 |  9.4
Fighting       | |  0.7
Short Blades   | |  1.3
Spellcasting   | |  2.6
Hexes          | |  3.6

Action                   || total
-------------------------++-------
Melee: Dagger            ||     8
 Cast: Corona            ||     1
  Use: Potion            ||     2
 Stab: Sleeping          ||     1
Dodge: Dodged            ||     2
